 Dungeon Crawl Stone Soup version 0.31.0-12-g77e489cdc1 (console) character file.

Game seed: 18363719039438877767

289 JoeltCo the Apothecary (level 6, -4/44 HPs)
             Began as a Gnoll Alchemist on Feb 17, 2024.
             Slain by Grinder (10 damage)
             ... on level 4 of the Dungeon.
             The game lasted 00:05:25 (3280 turns).

JoeltCo the Apothecary (Gnoll Alchemist)            Turns: 3280, Time: 00:05:26

Health: -4/44      AC:  3    Str:  7    XL:     6   Next: 31%
Magic:  9/14       EV: 14    Int: 17    God:
Gold:   246        SH:  0    Dex: 15    Spells: 14/15 levels left

rFire   . . .        d - +0 sling
rCold   . . .        (no shield)
rNeg    . . .        a - +0 robe
rPois   .            b - +0 helmet of Bedevilment {Regen+ rCorr Dex+3}
rElec   .            (no cloak)
rCorr   +            (no gloves)
SInv    .            (no boots)
Will    .....        (no amulet)
Stlth   +++          f - ring of resist corrosion
HPRegen 1.07/turn    (no ring)
MPRegen 0.14/turn

%: no passive effects
@: no status effects
A: fangs 1, strong nose, distributed training
a: no special abilities


You were on level 4 of the Dungeon.
You visited 1 branch of the dungeon, and saw 4 of its levels.

You collected 246 gold pieces.

Inventory:

Hand Weapons
 d - a +0 sling (weapon)
Armour
 a - a +0 robe (worn)
 b - the +0 helmet of Bedevilment (worn) {Regen+ rCorr Dex+3}
   (You took it off Robin on level 3 of the Dungeon)

   Dex+3:     It affects your dexterity (+3).
   Regen+:    It increases your rate of health regeneration.
   rCorr:     It protects you from acid and corrosion.
Jewellery
 f - a ring of resist corrosion (left hand)
 g - a ring of protection from fire
Wands
 o - a wand of flame (10)
Scrolls
 c - a scroll of vulnerability
 h - a scroll of torment
 i - a scroll of blinking
 j - 2 scrolls of identify
 k - 2 scrolls of silence
 l - a scroll of fog
 q - a scroll of immolation
Potions
 e - a potion of magic
 m - a potion of resistance
 n - a potion of berserk rage
 p - a potion of heal wounds


   Skills:
 + Level 2.0 Fighting
 + Level 2.0 Short Blades
 + Level 2.0 Long Blades
 + Level 2.0 Axes
 + Level 2.0 Maces & Flails
 + Level 2.0 Polearms
 + Level 2.0 Staves
 + Level 2.0 Ranged Weapons
 + Level 2.0 Throwing
 + Level 2.0 Armour
 + Level 5.0 Dodging
 + Level 4.6 Stealth
 + Level 2.0 Shields
 + Level 2.0 Unarmed Combat
 + Level 5.4 Spellcasting
 + Level 2.6 Conjurations
 + Level 1.5 Hexes
 + Level 1.5 Summonings
 + Level 1.5 Necromancy
 + Level 1.5 Translocations
 + Level 1.5 Fire Magic
 + Level 1.5 Ice Magic
 + Level 1.5 Air Magic
 + Level 1.5 Earth Magic
 + Level 5.6 Alchemy
 + Level 2.2 Invocations
 + Level 2.0 Evocations
 + Level 1.8 Shapeshifting


You had 14 spell levels left.
You knew the following spells:

 Your Spells              Type           Power      Damage    Failure   Level
a - Sting                 Conj/Alch      72%        1d7       2%          1

Your spell library contained the following spells:

 Spells                   Type           Power      Damage    Failure   Level
 Mercury Vapours          Alch/Air       32%        N/A       4%          2
 Sandblast                Erth           18%        2d7       7%          1
 Mephitic Cloud           Conj/Alch/Air  15%        N/A       11%         3
 Olgreb's Toxic Radiance  Alch           23%        N/A       13%         4
 Stone Arrow              Conj/Erth      22%        3d8       17%         3
 Passwall                 Erth           9%         N/A       22%         3
 Sticky Flame             Fire/Alch      16%        2d5       30%         4
 Brom's Barrelling Bould  Conj/Erth      11%        2d3       50%         4


Dungeon Overview and Level Annotations

Branches:
Dungeon (4/15)
 Temple: D:4-7

Altars:
Hepliaklqana
Nemelex Xobeh
Xom

Annotations:
D:4 Grinder


Innate Abilities, Weirdness & Mutations

You have very sharp teeth.
Your uncanny sense of smell can sniff out nearby items.
Your experience applies equally to all skills.


Message History

Grinder gestures at you. Pain shoots through your body!
Casting: Sting (safe; 2% risk of failure)
Confirm with . or Enter, or press ? or * to list all spells.
Aiming: Sting (safe; 2% risk of failure)
Press: ? - help, Shift-Dir - straight line, f/p - Grinder
Aim: Grinder (almost dead, very poisoned, 71% to hit)
The sting hits Grinder.
Grinder partially resists.
Grinder is almost dead.
Grinder gestures at you. Pain shoots through your body!
* * * LOW HITPOINT WARNING * * *
Casting: Sting (safe; 2% risk of failure)
Confirm with . or Enter, or press ? or * to list all spells.
Aiming: Sting (safe; 2% risk of failure)
Press: ? - help, Shift-Dir - straight line, f/p - Grinder
Aim: Grinder (almost dead, very poisoned, 71% to hit)
The sting hits Grinder.
Grinder looks even sicker.
Grinder is almost dead.
Casting: Sting (safe; 2% risk of failure)
Confirm with . or Enter, or press ? or * to list all spells.
Aiming: Sting (safe; 2% risk of failure)
Press: ? - help, Shift-Dir - straight line, f/p - Grinder
Aim: Grinder (almost dead, very poisoned, 71% to hit)
The sting hits Grinder.
Grinder looks as sick as possible!
Grinder is almost dead.
Grinder closely misses you.
You shoot a sling bullet. The sling bullet barely misses Grinder.
Grinder misses you.
You shoot a sling bullet.
The sling bullet hits Grinder but does no damage.
Grinder is almost dead.
Grinder hits you.
* * * LOW HITPOINT WARNING * * *
Aiming: Throw Flame
Press: ? - help, Shift-Dir - straight line, f/p - Grinder
Aim: Grinder (almost dead, extremely poisoned, 68% to hit)
The puff of flame misses Grinder.
Grinder hits you!
You die...
Grinder sighs, "Dead already?
I want a refund."

#...........#....
#.....#...........#....
#.....#...#########..†.
#.....##'##..........†#
#.....#...#...........#
#.....#...#...........#
#.....#...#.....†.....#
#.....##'##...........#
#.....................#
#..........######.....#
#.....@....# #######
#.....5....# +.....
#..........# #.....
#.....#+#### #.....
.......# ######
........# ........#
.....$.


You could see Grinder (very poisoned).

Vanquished Creatures
  A bombardier beetle (D:3)
  An orc priest (D:3)
  Natasha (thrice) (D:3)
  An orc wizard (D:3)
  Terence (D:3)
  Robin (D:3)
  2 adders (D:3)
  3 dart slugs
  A ribbon worm (D:2)
  2 orcs (D:3)
  6 endoplasms
  3 giant cockroaches
  8 hobgoblins
  4 jackals (D:4)
  2 kobolds
  2 quokkas
  5 ball pythons
  4 bats
  6 frilled lizards
  11 goblins
  4 rats
71 creatures vanquished.

Notes
Turn   | Place    | Note
-------+----------+-------------------------------------------
     0 | D:1      | JoeltCo the Gnoll Alchemist began the quest for the Orb.
     0 | D:1      | Reached XP level 1. HP: 13/13 MP: 6/6
   365 | D:1      | Reached XP level 2. HP: 19/19 MP: 7/7
   647 | D:1      | Noticed a golden eye
   649 | D:1      | Found a faded altar of an unknown god.
   652 | D:1      | Noticed an eye of devastation
   652 | D:1      | Noticed a great orb of eyes
   652 | D:1      | Noticed a great orb of eyes
  1139 | D:2      | Reached skill level 5 in Spellcasting
  1139 | D:2      | Reached XP level 3. HP: 25/25 MP: 5/9
  1736 | D:3      | Reached skill level 1 in Invocations
  1743 | D:3      | Found a shimmering altar of Xom.
  1744 | D:3      | Found a sparkling altar of Nemelex Xobeh.
  1908 | D:3      | Reached skill level 1 in Fighting
  1908 | D:3      | Reached skill level 1 in Short Blades
  1908 | D:3      | Reached skill level 1 in Long Blades
  1908 | D:3      | Reached skill level 1 in Axes
  1908 | D:3      | Reached skill level 1 in Maces & Flails
  1908 | D:3      | Reached skill level 1 in Polearms
  1908 | D:3      | Reached skill level 1 in Staves
  1908 | D:3      | Reached skill level 1 in Ranged Weapons
  1908 | D:3      | Reached skill level 1 in Throwing
  1908 | D:3      | Reached skill level 1 in Armour
  1908 | D:3      | Reached skill level 1 in Shields
  1908 | D:3      | Reached skill level 1 in Unarmed Combat
  1908 | D:3      | Reached skill level 1 in Evocations
  1908 | D:3      | Reached skill level 1 in Shapeshifting
  1908 | D:3      | Reached XP level 4. HP: 22/32 MP: 7/11
  2074 | D:3      | Found a hazy altar of Hepliaklqana.
  2085 | D:3      | Noticed Natasha
  2092 | D:3      | Killed Natasha
  2093 | D:3      | Reached skill level 1 in Hexes
  2093 | D:3      | Reached skill level 1 in Summonings
  2093 | D:3      | Reached skill level 1 in Necromancy
  2093 | D:3      | Reached skill level 1 in Translocations
  2093 | D:3      | Reached skill level 1 in Fire Magic
  2093 | D:3      | Reached skill level 1 in Ice Magic
  2093 | D:3      | Reached skill level 1 in Air Magic
  2093 | D:3      | Reached skill level 1 in Earth Magic
  2149 | D:3      | Noticed Natasha
  2157 | D:3      | Killed Natasha
  2158 | D:3      | Reached XP level 5. HP: 10/37 MP: 6/12
  2349 | D:3      | Noticed Terence
  2355 | D:3      | Killed Terence
  2431 | D:3      | Identified the +0 helmet of Bedevilment {Regen+ rCorr
                  | Dex+3}
  2431 | D:3      | Noticed Robin
  2528 | D:3      | Killed Robin
  2625 | D:3      | Noticed Natasha
  2630 | D:3      | Killed Natasha
  2710 | D:3      | Reached XP level 6. HP: 44/44 MP: 13/13
  2915 | D:3      | Reached skill level 5 in Dodging
  3257 | D:4      | Noticed Grinder
  3269 | D:4      | Paralysed by Grinder for 3 turns
  3280 | D:4      | Slain by Grinder

Illustrated notes

Levels and vault maps discovered:
D:1:      minmay_arrival_widening_spiral_wide, layout_rooms,
          hellmonk_ecumenical_altar_watching_god
D:2:      layout_loops_corners
D:3:      layout_basic, old_standard_altar, nicolae_overflow_squiral,
          kennysheep_orc_chapel, uniq_robin, uniq_terence, uniq_natasha
D:4:      layout_gridville, uniq_grinder

Skill      XL: |  1  2  3  4  5  6 |
---------------+-------------------+-----
Conjurations   | 2 |  2.6
Spellcasting   | 5 |  5.4
Invocations    | 1 2 |  2.2
Fighting       | 1 2 |  2.0
Short Blades   | 1 2 |  2.0
Long Blades    | 1 2 |  2.0
Axes           | 1 2 |  2.0
Maces & Flails | 1 2 |  2.0
Polearms       | 1 2 |  2.0
Staves         | 1 2 |  2.0
Ranged Weapons | 1 2 |  2.0
Throwing       | 1 2 |  2.0
Armour         | 1 2 |  2.0
Shields        | 1 2 |  2.0
Unarmed Combat | 1 2 |  2.0
Evocations     | 1 2 |  2.0
Shapeshifting  | 1 |  1.8
Hexes          | 1 |  1.5
Summonings     | 1 |  1.5
Necromancy     | 1 |  1.5
Translocations | 1 |  1.5
Fire Magic     | 1 |  1.5
Ice Magic      | 1 |  1.5
Air Magic      | 1 |  1.5
Earth Magic    | 1 |  1.5
Dodging        | 5 |  5.0
Stealth        | |  4.6
Alchemy        | |  5.6

Action                     |  1- 3 |  4- 6 || total
---------------------------+-------+-------++-------
   Fire: Sling             |    68 |    63 ||   131
   Cast: Sting             |    26 |    67 ||    93
  Evoke: Wand              |       |     1 ||     1
    Use: Scroll            |     9 |     2 ||    11
         Potion            |       |     2 ||     2
 Armour: Robe              |     6 |    40 ||    46
  Dodge: Dodged            |    10 |    32 ||    42
